 Dungeon Crawl Stone Soup version 0.22.0-36-g8e74550d25 (webtiles) character file.

63 Esekla the Conjurer (level 4, -3/33 HPs)
             Began as a Vine Stalker Conjurer on Aug 25, 2018.
             Slain by a worker ant (4 damage)
             ... on level 4 of the Dungeon.
             The game lasted 00:12:30 (950 turns).

Esekla the Conjurer (Vine Stalker Conjurer)          Turns: 950, Time: 00:12:31

Health: -3/33      AC: 22    Str:  8 (10) XL:     4   Next: 9%
Magic:  0/8        EV:  2    Int: 13 (16) God:
Gold:   50         SH:  0    Dex: 14 (15) Spells: 4/7 levels left

rFire    . . .     SeeInvis .   d - +0 dagger
rCold    . . .     Gourm    +   (no shield)
rNeg     + + +     Faith    .   (armour currently unavailable)
rPois    +         Spirit   +   (helmet currently unavailable)
rElec    .         Reflect  .   (cloak currently unavailable)
rCorr    .         Harm     .   (gloves currently unavailable)
MR       .....     NoTele   +   (boots currently unavailable)
Stlth    ++........             h - amulet of the gourmand
HPRegen  0.51/turn              (no ring)
MPRegen  0.11/turn              (no ring)

@: lethally poisoned (-3 -> -4), tree-form (expiring)
A: regeneration 1, magic shield, no potion heal 3, rot immunity
a: no special abilities


You were on level 4 of the Dungeon.
You were not hungry.
You were a tree.
You visited 1 branch of the dungeon, and saw 4 of its levels.

You collected 50 gold pieces.

Inventory:

Hand Weapons
 d - a +0 dagger (weapon)
Armour
 a - a +0 robe
 b - a +0 ring mail of magic resistance (melded)
Jewellery
 h - an amulet of the gourmand (around neck)
Comestibles
 c - 2 rations


   Skills:
 + Level 1.6 Fighting
 + Level 1.1 Short Blades
 * Level 0.7 Armour
 - Level 1.5 Dodging
 - Level 2.4 Stealth
 + Level 2.3 Spellcasting
 + Level 4.5 Conjurations


You had 4 spell levels left.
You knew the following spells:

 Your Spells              Type           Power        Failure   Level  Hunger
a - Magic Dart            Conj           ##..         3%          1    #......
b - Searing Ray           Conj           ##....       6%          2    ###....

Your spell library contained the following spells:

 Spells                   Type           Power        Failure   Level  Hunger
 Summon Small Mammal      Summ           #...         26%         1    #......
 Dazzling Spray           Conj/Hex       #.....       28%         3    ###....
 Call Imp                 Summ           #.......     36%         2    ###....
 Iskenderun's Mystic Bla  Conj           ##......     36%         4    #####..
 Call Canine Familiar     Summ           #.......     58%         3    ###....
 Summon Guardian Golem    Hex/Summ       #.......     58%         3    ###....
 Force Lance              Conj/Tloc      #.......     67%         4    #####..
 Fulminant Prism          Conj/Hex       #.........   67%         4    #####..
 Summon Ice Beast         Ice/Summ       #.......     94%         4    #####..
 Summon Lightning Spire   Summ/Air       #.......     94%         4    #####..


Dungeon Overview and Level Annotations

Branches:
Dungeon (4/15)
 Temple: D:4-7

Altars:
Ashenzari


Innate Abilities, Weirdness & Mutations

((You have extremely sharp teeth.))
Your natural rate of healing is unusually fast.
When hurt, damage is shared between your health and your magic reserves.
((Your bite disrupts and absorbs the magic of your enemies.))
Potions cannot restore your health.
You are immune to rotting.


Message History

You hit the worker ant but do no damage.
The worker ant is almost dead.
The worker ant bites you.
* * * LOW HITPOINT WARNING * * *
You are lethally poisoned!
The worker ant poisons you!
The howler monkey hoots and howls with incredible vigour!
You aren't carrying any potions.
You aren't carrying any scrolls.
You aren't carrying any scrolls.
You hit the worker ant.
The worker ant is almost dead.
* * * LOW HITPOINT WARNING * * *
You feel sick.
The worker ant bites you but does no damage.
You barely miss the worker ant.
The worker ant is almost dead.
Your transformation is almost over.
The worker ant bites you.
You die...

#####.....##..#...##
#....##...#....##
####...##....#.....##
#.....##.....#......##
#.##.##......#.......#
##.##.###.#.####..#####
#...#.###...####.##
.................#
..#.#.###.######♣#
#.........# #a#
###.....### #O# ##...##
#h#### ##.## #....# #.#
####.# #.# #.# #+# #.#
... #h#


You could see an ogre, a howler monkey and a worker ant.

Vanquished Creatures
  A worker ant (D:4)
  An adder (D:3)
  An ooze (D:1)
  A dart slug (D:2)
  A leopard gecko (D:1)
  3 bats
  3 goblins
  3 hobgoblins (D:1)
  A quokka (D:2)
  A ball python (D:2)
  A frilled lizard (D:1)
  4 kobolds
  3 rats
24 creatures vanquished.

Notes
Turn   | Place    | Note
-------+----------+-------------------------------------------
     0 | D:1      | Esekla the Vine Stalker Conjurer began the quest for the Orb.
     0 | D:1      | Reached XP level 1. HP: 9/9 MP: 4/4
   104 | D:1      | Reached XP level 2. HP: 14/14 MP: 6/6
   110 | D:1      | Reached skill level 1 in Fighting
   173 | D:1      | Learned a level 2 spell: Searing Ray
   595 | D:2      | Reached XP level 3. HP: 15/18 MP: 5/7
   629 | D:2      | Reached skill level 1 in Short Blades
   799 | D:4      | Gained mutation: Your natural rate of healing is unusually fast. [Vine Stalker growth]
   799 | D:4      | Reached XP level 4. HP: 22/22 MP: 3/8
   818 | D:4      | Found a shattered altar of Ashenzari.
   897 | D:4      | Noticed an ogre
   948 | D:4      | HP: 1/33 [worker ant (2)]
   950 | D:4      | Slain by a worker ant

Skill      XL: |  1  2  3 |
---------------+----------+-----
Fighting       | 1 |  1.6
Short Blades   | 1 |  1.1
Armour         | |  0.7
Dodging        | |  1.5
Stealth        | |  2.4
Spellcasting   | |  2.3
Conjurations   | |  4.5

Action                   |  1- 3 |  4- 6 || total
-------------------------+-------+-------++-------
Melee: Dagger            |    30 |    26 ||    56
       Bite              |     5 |     2 ||     7
 Cast: Magic Dart        |    13 |       ||    13
       Searing Ray       |     5 |     1 ||     6
  Use: Scroll            |     3 |     1 ||     4
       Potion            |       |     2 ||     2
 Stab: Sleeping          |     3 |       ||     3
  Eat: Ration            |       |     1 ||     1
Armor: Robe              |     3 |       ||     3
       Ring mail         |     4 |     1 ||     5
       Skin              |       |    18 ||    18
Dodge: Dodged            |    23 |     7 ||    30
